 Dungeon Crawl Stone Soup version 0.31-a0-844-gdc52ec4e09 (webtiles) character file.

Game seed: 14814479678148883378

16345 BinkBink the Unseen (level 12, 0/56 HPs)
             Began as a Spriggan Monk on Sept 29, 2023.
             Was a High Priest of Dithmenos.
             Slain by an orc warlord
             ... wielding a +0 great sword
              (32 damage)
             ... on level 10 of the Dungeon.
             The game lasted 00:48:01 (14148 turns).

BinkBink the Unseen (Spriggan Monk)                Turns: 14148, Time: 00:48:02

Health: 0/56       AC:  4    Str:  7    XL:     12   Next: 9%
Magic:  13/13      EV: 36    Int: 12    God:    Dithmenos [*****.]
Gold:   745        SH:  0    Dex: 30    Spells: 11/11 levels left

rFire   . . .        E - +3 dagger (venom)
rCold   + + +        (no shield)
rNeg    . . .        b - +0 robe
rPois   +            (helmet restricted)
rElec   +            A - +1 cloak {Stlth+}
rCorr   .            (gloves unavailable)
SInv    +            (boots unavailable)
Will    ++...        (no amulet) Stlth *+++++++++
                     a - ring "Utrekaq" {rElec rPois rC+++ Dex+2 Stlth-}
HPRegen 0.29/turn    t - +6 ring of dexterity
MPRegen 0.13/turn

%: no passive effects
@: wreathed by umbra, very quick
A: very small, no large weapons, unfitting armour, see invisible, speed 3
a: Renounce Religion, Shadow Step, Shadow Form


You were on level 10 of the Dungeon.
You worshipped Dithmenos.
Dithmenos was extremely pleased with you.
You visited 3 branches of the dungeon, and saw 13 of its levels.
You also visited: Sewer.

You collected 745 gold pieces.

Inventory:

Hand Weapons
 E - a +3 dagger of venom (weapon)
Armour
 b - a +0 robe (worn)
 j - +0 acid dragon scales
 A - a +1 cloak of stealth (worn)
Jewellery
 a - the ring "Utrekaq" (left hand) {rElec rPois rC+++ Dex+2 Stlth-}
   (You acquired it on level 9 of the Dungeon)

   [ring of poison resistance]

   Dex+2:     It affects your dexterity (+2).
   rC+++:     It renders you almost immune to cold.
   rElec:     It insulates you from electricity.
   rPois:     It protects you from poison Stlth-: It makes you less stealthy.
 p - a +6 ring of strength
 t - a +6 ring of dexterity (right hand)
 D - a ring of resist corrosion
Wands
 i - a wand of quicksilver (16)
 k - a wand of mindburst (11)
 u - a wand of charming (11)
 y - a wand of flame (5) (quivered)
Scrolls
 h - 4 scrolls of vulnerability
 l - 7 scrolls of identify
 n - a scroll of revelation
 o - a scroll of amnesia
 s - a scroll of fog
 v - 4 scrolls of immolation
 w - a scroll of noise
 B - 3 scrolls of enchant armour
 C - a scroll of silence
Potions
 c - 2 potions of ambrosia
 d - 4 potions of attraction
 e - 2 potions of degeneration
 f - 3 potions of heal wounds
 g - 4 potions of mutation
 m - 7 potions of curing
 q - a potion of haste
 r - a potion of invisibility
 x - 2 potions of magic
 z - a potion of enlightenment


   Skills:
 - Level 2.4 Fighting
 + Level 11.8 Short Blades
 - Level 5.0 Armour
 + Level 13.7 Dodging
 + Level 15.5 Stealth
 - Level 8.0 Evocations


You had 11 spell levels left.
You didn't know any spells.
Your spell library contained the following spells:

 Spells                   Type           Power      Damage    Failure   Level
 Apportation              Tloc           0%         N/A       32%         1
 Foxfire                  Conj/Fire      0%         2x1d4     32%         1
 Shock                    Conj/Air       0%         1d3       32%         1
 Jinxbite                 Hex            0%         N/A       45%         2
 Swiftness                Air            0%         N/A       69%         3
 Airstrike                Air            0%         2d(0-16)  97%         4
 Olgreb's Toxic Radiance  Pois           0%         N/A       97%         4
 Alistair's Intoxication  Tmut/Pois      0%         N/A       100%        5
 Plasma Beam              Fire/Air       0%         2x1d10    100%        6
 Starburst                Conj/Fire      0%         6d3       100%        6
 Discord                  Hex            0%         N/A       100%        8
 Ignition                 Fire           0%         3d3       100%        8


Dungeon Overview and Level Annotations

Branches:
Dungeon (11/15)            Temple (1/1) D:5            Lair (0/5) D:8
    Orc (1/2) D:10          Sewer (visited)

Altars:
Ashenzari
Cheibriados
Dithmenos
Elyvilon
Fedhas
Gozag
Hepliaklqana
Kikubaaqudgha
Makhleb
Nemelex Xobeh
Okawaru
Qazlal
Ru
Sif Muna
Trog
Uskayaw
Vehumet
Wu Jian
Xom
Yredelemnul
Zin
The Shining One
Lugonu

Shops:
D:2 :   D:5 =   D:8 (   D:9 !

Annotations:
D:10 2 transporters, qipq's ghost, novice OpNe
D:11 1 runed translucent door, Makyar Tofi's ghost, novice TrBe


Innate Abilities, Weirdness & Mutations

You are very small and have problems with some larger weapons.
You are too small for most types of armour.
You have supernaturally acute eyesight. (SInv)
You cover ground extremely quickly. (Speed+++)


Message History

Aiming: Mindburst
Press: ? - help, Q - select action, (/) - cycle Shift-Dir - straight line, f - orc warlord
Aim: an orc warlord, wielding a +0 great sword and wearing a +2 chain mail of poison resistance (chance to affect: 60%)
The orc warlord resists with significant effort.
Aiming: Mindburst
Press: ? - help, Q - select action, (/) - cycle Shift-Dir - straight line, f/p - orc warlord
Aim: an orc warlord, wielding a +0 great sword and wearing a +2 chain mail of poison resistance (umbra, chance to affect: 60%)
The orc warlord's mind is blasted!!
Aiming: Mindburst
Press: ? - help, Q - select action, (/) - cycle Shift-Dir - straight line, f/p - orc warlord
Aim: an orc warlord, wielding a +0 great sword and wearing a +2 chain mail of poison resistance (lightly wounded, umbra, chance to affect: 60%)
The orc warlord resists with significant effort.
Aiming: Mindburst
Press: ? - help, Q - select action, (/) - cycle Shift-Dir - straight line, f/p - orc warlord
Aim: an orc warlord, wielding a +0 great sword and wearing a +2 chain mail of poison resistance (lightly wounded, umbra, chance to affect: 60%)
The orc warlord resists with significant effort.
Aiming: Quicksilver Bolt
Press: ? - help, Q - select action, (/) - cycle Shift-Dir - straight line, f/p - orc warlord
Aim: an orc warlord, wielding a +0 great sword and wearing a +2 chain mail of poison resistance (lightly wounded, umbra, 81% to hit)
The bolt of dispelling energy hits the orc warlord!!
The orc warlord is moderately wounded.
Okay, then.
Aiming: Throw Flame
Press: ? - help, Q - select action, (/) - cycle Shift-Dir - straight line, f/p - orc warlord
Aim: an orc warlord, wielding a +0 great sword and wearing a +2 chain mail of poison resistance (moderately wounded, umbra, 82% to hit)
The puff of flame hits the orc warlord.
The orc warlord is heavily wounded.
Aiming: Throw Flame
Press: ? - help, Q - select action, (/) - cycle Shift-Dir - straight line, f/p - orc warlord
Aim: an orc warlord, wielding a +0 great sword and wearing a +2 chain mail of poison resistance (heavily wounded, umbra, 82% to hit)
The puff of flame hits the orc warlord.
The orc warlord is heavily wounded.
Aiming: Throw Flame
Press: ? - help, Q - select action, (/) - cycle Shift-Dir - straight line, f/p - orc warlord
Aim: an orc warlord, wielding a +0 great sword and wearing a +2 chain mail of poison resistance (heavily wounded, umbra, 82% to hit)
The puff of flame hits the orc warlord.
The orc warlord is heavily wounded.
The orc warlord hits you with a +0 great sword!!
Ouch! That really hurt!
You die...

############################
...........................#
.......................###.#
#..........#####.......# #.#
#..........# #.......# #.#
#..........# #....#..# #.#
#..........#####.......###.#
#..........................#
o..............o@..........#
###############'######...>.#
..........##.........'..#..#
..........##.........#..#..#
..........##.........#..#..#
.#####################.....#
.##.....##############.....#
..#...........<......'.....#
..'..................#.....#


You could see an orc warlord.

Vanquished Creatures
  Erolcha (D:9)
  2 boulder beetles (D:11)
  2 two-headed ogres
  The ghost of iamserjio the Trooper, a novice OpCK of Xom (D:6)
  Pikel (D:7)
  2 manticores (D:11)
  A cyclops (D:11)
  Jeremiah (D:9)
  Maggie (D:7)
  3 kobold demonologists (D:11)
  A komodo dragon (D:10)
  2 trolls
  A hornet (D:9)
  3 shadows (D:11)
  A wyvern (D:8)
  2 wraiths (D:10)
  19 yaks
  2 basilisks
  A warg (Orc:1)
  5 water moccasins
  3 acid dragons
  6 orc warriors
  An ice beast (D:6)
  4 black bears
  An ogre (Orc:1)
  2 wolves
  3 centaurs
  2 phantoms
  3 kobold brigands
  4 bullfrogs
  A gnoll sergeant (D:9)
  4 scorpions
  7 wights
  6 killer bees (D:10)
  3 howler monkeys
  8 orc priests
  4 hounds
  An iguana (D:7)
  A sleepcap (D:8)
  15 orc wizards
  14 gnolls
  11 adders
  3 white imps
  An ufetubus (D:5)
  3 dart slugs
  3 worms
  40 orcs
  8 endoplasms
  3 giant cockroaches
  7 hobgoblins
  4 jackals (D:1)
  5 quokkas
  11 ball pythons
  4 bats (D:1)
  A frilled lizard (D:1)
  11 goblins
  20 kobolds
  7 rats
287 creatures vanquished.

Vanquished Creatures (others)
  A quokka (D:8)
1 creature vanquished.

Grand Total: 288 creatures vanquished

Notes
Turn   | Place    | Note
-------+----------+-------------------------------------------
     0 | D:1      | BinkBink the Spriggan Monk began the quest for the Orb.
     0 | D:1      | Reached XP level 1. HP: 11/11 MP: 2/2
    93 | D:1      | Reached skill level 1 in Stealth
   138 | D:1      | Reached XP level 2. HP: 16/16 MP: 3/3
   349 | D:1      | Reached skill level 2 in Stealth
   505 | D:1      | Reached XP level 3. HP: 16/19 MP: 4/4
   930 | D:2      | Reached skill level 3 in Stealth
  1018 | D:2      | Found Duafant's Book Shoppe.
  1038 | D:2      | Reached skill level 5 in Dodging
  1038 | D:2      | Reached XP level 4. HP: 22/23 MP: 5/5
  1537 | D:3      | Found a glowing drain.
  1599 | Sewer    | Entered a sewer
  1648 | Sewer    | Noticed a water moccasin
  1655 | Sewer    | Killed a water moccasin
  1656 | Sewer    | Reached skill level 4 in Stealth
  1656 | Sewer    | Reached XP level 5. HP: 27/27 MP: 6/6
  1991 | D:3      | Reached skill level 5 in Short Blades
  2101 | D:3      | Reached skill level 5 in Stealth
  2324 | D:3      | Found a blossoming altar of Fedhas.
  2389 | D:4      | Reached XP level 6. HP: 24/32 MP: 7/7
  2925 | D:4      | Found a basalt altar of Yredelemnul.
  2946 | D:4      | Reached skill level 6 in Stealth
  3057 | D:5      | Entered Level 5 of the Dungeon
  3098 | D:5      | Found a staircase to the Ecumenical Temple.
  3106 | Temple   | Entered the Ecumenical Temple
  3135 | Temple   | Became a worshipper of Dithmenos the Shadowed
  3135 | Temple   | Reached * piety under Dithmenos
  3135 | Temple   | Reached ** piety under Dithmenos
  3256 | D:5      | Reached XP level 7. HP: 29/35 MP: 8/8
  3325 | D:5      | Found a hazy altar of Hepliaklqana.
  3333 | D:5      | Found Ixurynkycos's Jewellery Emporium.
  3503 | D:5      | Reached skill level 7 in Stealth
  4147 | D:5      | Reached skill level 8 in Stealth
  4396 | D:6      | Reached XP level 8. HP: 13/39 MP: 9/9
  4661 | D:6      | Found a runed translucent gate.
  4661 | D:6      | Found a runed translucent gate.
  4661 | D:6      | Found a runed translucent gate.
  4661 | D:6      | Noticed iamserjio's ghost (novice OpCK)
  5208 | D:6      | Reached skill level 1 in Evocations
  5278 | D:6      | Reached skill level 9 in Stealth
  6893 | D:7      | Noticed a two-headed ogre
  6904 | D:7      | Killed a two-headed ogre
  6905 | D:7      | Reached skill level 10 in Stealth
  6905 | D:7      | Reached XP level 9. HP: 43/43 MP: 10/10
  7350 | D:7      | Noticed Pikel
  7354 | D:7      | Killed Pikel
  7355 | D:7      | Reached skill level 10 in Dodging
  7355 | D:7      | Reached skill level 5 in Evocations
  7358 | D:7      | Noticed Maggie
  7412 | D:7      | Killed Maggie
  7413 | D:7      | Reached skill level 11 in Stealth
  7802 | D:7      | Reached skill level 1 in Armour
  7860 | D:7      | Reached *** piety under Dithmenos
  8051 | D:8      | Found a staircase to the Lair.
  8104 | D:8      | Found a white marble altar of Elyvilon.
  8415 | D:8      | Reached XP level 10. HP: 47/47 MP: 11/11
  8415 | D:8      | Found Ugridow's Antique Weapon Shoppe.
  9207 | D:7      | Reached skill level 12 in Stealth
  9377 | D:8      | Found a snail-covered altar of Cheibriados.
  9805 | D:9      | Reached **** piety under Dithmenos
  9829 | D:9      | Noticed Jeremiah
  9847 | D:9      | Killed Jeremiah
  9954 | D:9      | Found Iskou's Distillery.
 10018 | D:9      | Found a stormy altar of Qazlal.
 10146 | D:9      | Noticed Erolcha
 10153 | D:9      | Killed Erolcha
 10154 | D:9      | Reached skill level 10 in Short Blades
 10154 | D:9      | Reached skill level 13 in Stealth
 10362 | D:10     | Entered Level 10 of the Dungeon
 10364 | D:10     | Reached XP level 11. HP: 51/51 MP: 12/12
 10411 | D:9      | Identified a scroll of acquirement
 10422 | D:9      | Acquired the ring "Utrekaq" {rElec rPois rC+++ Dex+2
                  | Stlth-}
 10589 | D:10     | Found a transporter.
 10593 | D:10     | Noticed a five-headed hydra
 11153 | D:10     | Found a transporter.
 11177 | D:10     | Found a staircase to the Orcish Mines.
 11406 | D:10     | Reached ***** piety under Dithmenos
 11519 | D:10     | Noticed qipq's ghost (novice OpNe)
 11828 | D:11     | Noticed Makyar Tofi's ghost (novice TrBe)
 11828 | D:11     | Found a runed translucent door.
 11856 | D:11     | Reached skill level 14 in Stealth
 12240 | D:11     | Noticed a boulder beetle
 12246 | D:11     | Noticed a boulder beetle
 12292 | D:11     | Killed a boulder beetle
 12310 | D:11     | Found a corrupted altar of Lugonu.
 12510 | D:11     | Noticed a two-headed ogre
 12524 | D:11     | Killed a two-headed ogre
 12617 | D:11     | Killed a boulder beetle
 12821 | D:11     | Reached skill level 5 in Armour
 12823 | D:11     | Reached skill level 15 in Stealth
 13008 | D:11     | Reached XP level 12. HP: 56/56 MP: 13/13
 13566 | D:6      | Killed iamserjio's ghost
 13793 | Orc:1    | Entered Level 1 of the Orcish Mines
 13822 | Orc:1    | Noticed an orc warlord
 14148 | D:10     | Slain by an orc warlord

Illustrated notes

Levels and vault maps discovered:
D:1:      wander_arrival_desolate, layout_loops_ring
D:2:      layout_rooms, serial_shops, nicolae_diamond_shop
D:3:      layout_basic, nicolae_overflow_hidden_temple,
          cheibrodos_sewer_entry_bend, grunt_ministairs_8
D:4:      layout_rooms, kennysheep_little_box, kennysheep_crisscross,
          chequers_serial_rivers_room_a, minmay_misc_feat_alley
D:5:      layout_gridville, kennysheep_mini_moat,
          minmay_temple_entry_glassed_door, serial_shops, shop
D:6:      layout_cave_pods, ebering_ghost_rock_garden
D:7:      layout_gridville, nrook_uturn, hangedman_decor_growths, uniq_pikel,
          uniq_maggie
D:8:      layout_rooms, elyvilon_altar_4, nicolae_overflow_crystal_walls,
          minmay_lair_entry_grove, serial_shops, nicolae_shop_real_fake_doors,
          kennysheep_nub
D:9:      layout_basic, nicolae_qazlal_general_emergency, serial_shops, shop,
          hangedman_decor_riveting, uniq_jeremiah, uniq_erolcha
D:10:     layout_stronghold, orc_0_dummy, gammafunk_ghost_arena
D:11:     kennysheep_kobold_lugonu_temple, layout_basic,
          hellmonk_ghost_happy_afterlife, hangedman_abyss_or_decor_passed,
          minmay_mirror_moons_of_madness
Temple:   nicolae_temple_elliptical
Orc:1:    layout_caves, nicolae_orc_rockfall

Skill      XL: |  1  2  3  4  5  6  7  8  9 10 11 |
---------------+----------------------------------+-----
Stealth        | 1 2 3 4 5 6 8 10 11 13 15 | 15.5
Short Blades   | 4 5 6 8 9 10 11 | 11.8
Dodging        | 5 6 8 9 10 12 13 | 13.7
Evocations     | 4 6 8 |  8.0
Armour         | 1 3 5 |  5.0
Fighting       | |  2.4

Action                     |  1- 3 |  4- 6 |  7- 9 | 10-12 || total
---------------------------+-------+-------+-------+-------++-------
  Melee: Short sword       |    89 |       |       |       ||    89
         Dagger            |    55 |   157 |   371 |   510 ||  1093
         Punch             |     1 |     2 |     8 |     8 ||    19
  Evoke: Wand              |       |       |       |     8 ||     8
    Use: Scroll            |       |       |    14 |     5 ||    19
         Potion            |       |       |     5 |     3 ||     8
   Stab: Sleeping          |    11 |     8 |    20 |    40 ||    79
         Distracted        |       |     1 |     3 |     5 ||     9
 Armour: Robe              |    26 |    33 |    70 |    63 ||   192
  Dodge: Dodged            |    97 |   113 |   254 |   350 ||   814

Table legend: (Time is in decaauts)
 A = Elapsed time spent in this place.
 B = Non-inter-level travel time spent in this place.
 C = Inter-level travel time spent in this place.
 D = Time resting spent in this place.
 E = Time spent auto-exploring this place.
 F = Levels seen in this place.
 G = Mean time per level.
                   A        B        C        D        E       F      G
               +--------+--------+--------+--------+--------+-----+--------+
         Total |   9931 |   9299 |    632 |    824 |   5425 |  14 |  709.4 |
       Dungeon |   9679 |   9049 |    630 |    824 |   5348 |  11 |  879.9 |
        Temple |     24 |     24 |      0 |      0 |      0 |   1 |   24.0 |
  Orcish Mines |    135 |    133 |      2 |      0 |     16 |   1 |  135.0 |
         Sewer |     90 |     90 |      0 |      0 |     61 |   1 |   90.0 |
               +--------+--------+--------+--------+--------+-----+--------+

Top non-repeatable levels by time:
     D:6: 2055 daAuts
     D:7: 1346 daAuts
    D:10: 1174 daAuts
     D:5: 939 daAuts
    D:11: 856 daAuts
     D:1: 627 daAuts
     D:4: 624 daAuts
     D:9: 580 daAuts
     D:3: 518 daAuts
     D:8: 479 daAuts
     D:2: 477 daAuts
   Orc:1: 135 daAuts
   Sewer: 90 daAuts
  Temple: 24 daAuts
